 Dungeon Crawl Stone Soup version 0.18.1-47-g9310371 (webtiles) character file.

12522 spiff the Cleaver (level 11, -2/108 HPs)
             Began as a Deep Dwarf Fighter on June 18, 2016.
             Was a Priest of Makhleb.
             Slain by a sun demon (8 damage)
             ... in a volcano.
             The game lasted 00:37:52 (9038 turns).

spiff the Cleaver (Deep Dwarf Fighter)              Turns: 9038, Time: 00:37:53

Health: -2/108     AC: 17    Str: 23    XL:     11   Next: 63%
Magic:  7/7        EV: 12    Int:  8    God:    Makhleb [***...]
Gold:   528        SH:  0    Dex: 17    Spells: 0 memorised, 10 levels left

rFire  + . .     SeeInvis .     b - +0 battleaxe (flame)
rCold  . . .     Gourm    .     D - +1 chain mail {rF+}
rNeg   . . .     Faith    .     (shield currently unavailable)
rPois  .         Spirit   .     s - +0 helmet
rElec  .         Dismiss  .     h - +1 cloak
rCorr  .         Reflect  .     l - +0 pair of gloves
SustAt +         Harm     .     V - +0 pair of boots (curse)
MR     +....                    (no amulet)
Stlth  ..........               T - +4 ring of dexterity
                                u - ring of sustain attributes

@: non-regenerating, somewhat resistant to hostile enchantments, extremely
unstealthy
A: damage resistance, recharge devices, sense surroundings 2, slow regeneration
3
a: Device Recharging, Minor Destruction, Lesser Servant of Makhleb, Renounce
Religion


You were in a volcano.
You worshipped Makhleb.
Makhleb was most pleased with you.
You were very hungry.

You visited 3 branches of the dungeon, and saw 13 of its levels.
You also visited: Ossuary and Volcano.

You collected 528 gold pieces.

Inventory:

Hand Weapons
 b - a +0 battleaxe of flaming (weapon)
 Q - a +3 war axe
Missiles
 x - 54 bolts
 C - 34 poisoned needles
 F - 7 tomahawks (quivered)
Armour
 h - a +1 cloak (worn)
 l - a +0 pair of gloves (worn)
 s - a +0 helmet (worn)
 D - a +1 chain mail of fire resistance (worn)
 V - a cursed +0 pair of boots (worn)
Jewellery
 r - an uncursed ring of protection from magic
 u - a ring of sustain attributes (left hand)
 T - a +4 ring of dexterity (right hand)
 U - an uncursed ring of wizardry
 W - an uncursed ring of protection from magic
Wands
 d - a wand of flame (7/48)
 e - a wand of heal wounds (2/9)
 I - a wand of digging (15/24)
 K - a wand of random effects (21/48)
Scrolls
 k - 8 scrolls of remove curse
 n - 2 scrolls of noise
 o - 7 scrolls of enchant armour
 p - 4 scrolls of teleportation
 w - a scroll of vulnerability {unknown}
 y - 3 scrolls of blinking
 A - 9 scrolls of identify
 G - 2 scrolls of enchant weapon
 L - a scroll of magic mapping
 N - a scroll of fog {unknown}
 O - 3 scrolls of immolation {unknown}
Potions
 a - a potion of cancellation {unknown}
 g - 3 potions of mutation {unknown}
 i - 7 potions of agility
 m - 2 potions of brilliance
 q - a potion of ambrosia
 z - a potion of berserk rage {unknown}
 B - 2 potions of curing
 H - 3 potions of flight {unknown}
 J - 2 potions of lignification {unknown}
 R - a potion of heal wounds {unknown}
 Y - a potion of might
 Z - a potion of experience {unknown}
Books
 t - a book of Transfigurations

   Spells                             Type                      Level
   a - Irradiate                      Conjuration/Transmutation    5
   b - Statue Form                    Transmutation/Earth          6
   c - Hydra Form                     Transmutation                6
   d - Dragon Form                    Transmutation                7
 E - a Fen Folio

   Spells                             Type                      Level
   a - Corpse Rot                     Necromancy                   2
   b - Stone Arrow                    Conjuration/Earth            3
   c - Leda's Liquefaction            Hexes/Earth                  4
   d - Summon Forest                  Summoning/Translocation      5
   e - Hydra Form                     Transmutation                6
   f - Summon Hydra                   Summoning                    7
Comestibles
 f - 3 bread rations
 j - 19 fruits
 v - a beef jerky
 M - 2 meat rations
 P - 12 royal jellies
 S - 6 slices of pizza


   Skills:
 - Level 10.0 Fighting
 - Level 14.1 Axes
 + Level 6.8 Armour
 - Level 6.5 Dodging
   Level 3.2 Shields


You had 10 spell levels left.
You didn't know any spells.

Dungeon Overview and Level Annotations

Branches:
Dungeon (10/15)            Temple (1/1) D:5            Lair (2/8) D:9
    Orc: D:9-12

Altars:
Ashenzari
Cheibriados
Dithmenos
Elyvilon
Fedhas
Gozag
Kikubaaqudgha
Makhleb
Nemelex Xobeh
Okawaru
Pakellas
Qazlal
Ru
Sif Muna
Trog
Vehumet
Xom
Yredelemnul
Zin
The Shining One

Shops:
D:7 =   D:8 !   D:9 !

Annotations:
D:4 daning's ghost, amateur HESk
D:6 exclusion: oklob plant
D:7 ring + ev5, exclusion: ice statue
Lair:2 TBriggs11TB's ghost, journeyman HOFi


Innate Abilities, Weirdness & Mutations

You are resistant to damage.
You can recharge devices by infusing magical energy.
You passively map the area around you.
You do not regenerate naturally.


Message History

A crimson imp and a sun demon come into view.
Found a rocky tunnel leading out of this place.
Found 49 gold pieces and a great mace of flaming.
Unknown command.
Wield which item (- for none, * to show all)? (? for menu, Esc to quit)
Okay, then.
You slash the sun demon!
The sun demon is lightly wounded.
The sun demon hits you!!
You are engulfed in flames.
You resist.
The crimson imp summons a swarm of flies.
The crimson imp blinks!
The sun demon hits you!!
* * * LOW HITPOINT WARNING * * *
You are engulfed in flames!
You resist.
* * * LOW HITPOINT WARNING * * *
You barely miss the sun demon.
The sun demon is lightly wounded.
The sun demon hits you!
* * * LOW HITPOINT WARNING * * *
You are engulfed in flames!
You resist.
You die...

*..#** *#.## ### ## ##..#
##..###..##...#
..............#
....≈≈≈§≈≈...§##
..≈≈§≈≈≈≈≈≈§§..##
.§≈§§≈§≈≈≈≈§§..3##
..≈≈§≈≈≈≈≈≈§§≈..@##
.≈§≈§§≈≈≈≈§≈≈§....#
..§≈§§≈≈≈§≈≈≈≈....###
....§≈≈≈≈≈≈§........###
..............##..##..##
##§#..##.###..######.≈.#####
###)###### #####§§§§§§§##..#
#∩..# ##§§§§..§..∩# ....###
#§≈≈≈≈§....§#


You could see a sun demon.

Vanquished Creatures
  The ghost of KrisztiCat the Thaumaturge, a novice GrEE of Vehumet (D:9)
  A hill giant (D:9)
  A toenail golem (Volcano)
  3 spiny frogs (Lair:1)
  A komodo dragon (Lair:1)
  2 red devils (Volcano)
  A queen bee (Lair:1)
  Prince Ribbit (D:5)
  Sigmund (D:2)
  2 hippogriffs
  7 yaks
  Grum (Lair:1)
  A hungry ghost (D:7)
  Edmund (D:6)
  Duvessa (D:6)
  3 water moccasins
  10 porcupines (Lair:1)
  An orc warrior (D:8)
  2 ogres (D:9)
  5 sky beasts
  A centaur (D:8)
  2 wolves (Lair:1)
  5 crocodiles (Lair:1)
  4 big kobolds (D:8)
  5 giant frogs
  A wyvern zombie (D:9)
  A water moccasin zombie (Ossuary)
  Dowan (D:6)
  A scorpion (D:6)
  35 killer bees
  3 wights (D:7)
  5 howler monkeys
  3 bog bodies (Ossuary)
  6 giant frog zombies
  3 crimson imps
  3 jellies
  A quasit (D:8)
  4 centaur zombies
  2 orc priests
  2 hounds
  2 orc wizards
  4 iguanas (Lair:1)
  5 worker ants
  2 sheep (D:8)
  A hound zombie (Ossuary)
  A hound skeleton (D:4)
  9 mummies (Ossuary)
  3 worker ant zombies (Ossuary)
  A howler monkey zombie (Ossuary)
  4 gnolls
  9 river rats (Lair:2)
  10 adders
  A shadow imp (D:6)
  A white imp (D:5)
  4 worms (D:2)
  3 dart slugs
  5 giant geckos
  28 orcs
  A ball python (D:2)
  6 giant cockroaches
  9 goblins
  5 hobgoblins
  11 jackals
  4 quokkas
  8 bats
  3 giant cockroach zombies (Ossuary)
  5 giant newts
  A jackal skeleton (D:4)
  16 kobolds
  A quokka skeleton (D:5)
  3 quokka zombies (Ossuary)
  5 rats
  A fungus (Lair:2)
  A withered plant (Ossuary)
307 creatures vanquished.

Vanquished Creatures (others)
  A centaur (D:9)
  2 fungi (Lair:1)
3 creatures vanquished.

Grand Total: 310 creatures vanquished

Notes
Turn   | Place    | Note
--------------------------------------------------------------
     0 | D:1      | spiff the Deep Dwarf Fighter began the quest for the Orb.
     0 | D:1      | Reached XP level 1. HP: 20/20 MP: 1/1
    81 | D:1      | Reached skill level 3 in Axes
    81 | D:1      | Reached XP level 2. HP: 27/27 MP: 2/2
   460 | D:2      | Found a sacrificial altar of Ru.
   484 | D:2      | Noticed Sigmund
   487 | D:2      | Reached XP level 3. HP: 26/33 MP: 3/3
   492 | D:2      | Killed Sigmund
   492 | D:2      | Reached skill level 6 in Axes
   492 | D:2      | Reached XP level 4. HP: 32/40 MP: 4/4
   492 | D:2      | Reached XP level 5. HP: 37/46 MP: 5/5
  1380 | D:3      | Reached skill level 7 in Axes
  1380 | D:3      | Reached XP level 6. HP: 35/55 MP: 6/6
  1532 | D:3      | Found a sparkling altar of Nemelex Xobeh.
  1533 | D:3      | Found a deep blue altar of Sif Muna.
  1968 | D:3      | Found an oddly glowing altar of Pakellas.
  1971 | D:3      | Found an iron altar of Okawaru.
  1985 | D:3      | Found an opulent altar of Gozag.
  1988 | D:3      | Found a glowing golden altar of the Shining One.
  2139 | D:3      | Found a shimmering altar of Xom.
  2219 | D:4      | Noticed daning's ghost (amateur HESk)
  2752 | D:5      | Entered Level 5 of the Dungeon
  2755 | D:5      | Found a staircase to the Ecumenical Temple.
  2760 | Temple   | Entered the Ecumenical Temple
  3044 | D:5      | Reached skill level 8 in Axes
  3158 | D:5      | Noticed a water moccasin
  3164 | D:5      | Killed a water moccasin
  3164 | D:5      | Reached XP level 7. HP: 44/61 MP: 7/7
  3197 | D:5      | Noticed Prince Ribbit
  3224 | D:5      | Reached skill level 9 in Axes
  3649 | D:6      | Noticed Duvessa
  3649 | D:6      | Noticed Dowan
  3659 | D:6      | Killed Duvessa
  3670 | D:6      | Killed Dowan
  3670 | D:6      | Reached skill level 10 in Axes
  3698 | D:6      | Noticed Edmund
  3722 | D:5      | Reached XP level 8. HP: 35/68 MP: 8/8
  3728 | D:5      | Killed Prince Ribbit
  3777 | D:6      | Reached skill level 11 in Axes
  3790 | D:6      | Found a blossoming altar of Fedhas.
  3809 | D:6      | Noticed an oklob plant
  4496 | D:6      | Killed Edmund
  4496 | D:6      | Reached skill level 12 in Axes
  5057 | D:7      | Gained mutation: You passively map the area around you. [Deep Dwarf growth]
  5057 | D:7      | Reached XP level 9. HP: 50/74 MP: 9/9
  5244 | D:7      | Reached skill level 13 in Axes
  5258 | D:7      | Found Ratainuc's Jewellery Shoppe.
  5663 | D:7      | Noticed an ice statue
  5737 | D:8      | Found Diwepsy's Distillery.
  5771 | D:8      | Found a sand-covered staircase.
  5777 | Ossuary  | Entered an ossuary
  5821 | Ossuary  | Reached skill level 14 in Axes
  6055 | Ossuary  | Reached skill level 5 in Fighting
  6380 | D:8      | Reached XP level 10. HP: 46/88 MP: 9/9
  6552 | D:9      | Found a glowing silver altar of Zin.
  6552 | D:9      | Found a burning altar of Makhleb.
  6553 | D:9      | Noticed a green death
  6553 | D:9      | Noticed an angel
  6557 | D:9      | Noticed a hill giant
  6585 | D:9      | Killed a hill giant
  6601 | D:9      | Became a worshipper of Makhleb the Destroyer
  6633 | D:9      | Found Bedan's Distillery.
  6671 | D:9      | Found a staircase to the Lair.
  6761 | D:8      | Noticed a three-headed hydra
  6901 | D:9      | Noticed KrisztiCat's ghost (novice GrEE)
  7568 | D:9      | Killed KrisztiCat's ghost
  7589 | D:10     | Entered Level 10 of the Dungeon
  7589 | D:10     | Noticed a hill giant
  7610 | Lair:1   | Entered Level 1 of the Lair of Beasts
  7699 | Lair:1   | Noticed a spiny frog
  7716 | Lair:1   | Killed a spiny frog
  7737 | Lair:1   | Noticed a spiny frog
  7749 | Lair:1   | Killed a spiny frog
  7829 | Lair:1   | Noticed a spiny frog
  7834 | Lair:1   | Killed a spiny frog
  7868 | Lair:1   | Reached skill level 10 in Fighting
  7868 | Lair:1   | Reached XP level 11. HP: 53/108 MP: 9/9
  7872 | Lair:1   | Reached * piety under Makhleb
  7872 | Lair:1   | Reached skill level 1 in Dodging
  7890 | Lair:1   | Noticed Grum
  7914 | Lair:1   | Killed Grum
  8237 | Lair:1   | Reached skill level 5 in Dodging
  8240 | Lair:1   | Reached ** piety under Makhleb
  8682 | Lair:2   | Noticed an eight-headed hydra
  8706 | Lair:2   | Noticed TBriggs11TB's ghost (journeyman HOFi)
  8741 | Lair:1   | Reached skill level 5 in Armour
  8802 | Lair:2   | Found a dark tunnel.
  8810 | Volcano  | Entered a volcano
  8934 | Volcano  | Reached *** piety under Makhleb
  9029 | Volcano  | Noticed a sun demon
  9038 | Volcano  | Slain by a sun demon

Skill      XL: |  1  2  3  4  5  6  7  8  9 10 11 |
---------------+----------------------------------+-----
Axes           | 3 6 7 8 10 12 14 | 14.1
Fighting       | 5 10 | 10.0
Dodging        | 6 |  6.5
Armour         | 6 |  6.8
Shields        | |  3.2

Action                   |  1- 3 |  4- 6 |  7- 9 | 10-12 || total
-------------------------+-------+-------+-------+-------++-------
Melee: War axe           |    47 |   163 |   179 |   417 ||   806
       Hand axe          |       |    68 |   322 |       ||   390
       Battleaxe         |       |       |       |     2 ||     2
Throw: Tomahawk          |       |       |     2 |     2 ||     4
Invok: Minor Destruction |       |       |       |     1 ||     1
 Abil: Device Recharging |       |       |     1 |     3 ||     4
Evoke: Wand              |       |     2 |    20 |    26 ||    48
  Use: Potion            |     1 |       |     1 |     2 ||     4
       Scroll            |       |    15 |     3 |     2 ||    20
 Stab: Paralysed         |     1 |       |       |       ||     1
  Eat: Chunk             |       |     6 |     8 |     8 ||    22
       Bread ration      |       |       |     1 |       ||     1
       Fruit             |       |       |     1 |       ||     1
Armor: Scale mail        |    20 |   108 |   152 |   127 ||   407
Dodge: Dodged            |    13 |    61 |   139 |   168 ||   381
Block: Shield            |    30 |   104 |       |       ||   134
       Buckler           |       |       |   130 |   158 ||   288
       Reflection        |       |       |     2 |     4 ||     6
